 Dungeon Crawl Stone Soup version 0.28-a0-533-g9f97627e2a (webtiles) character file.

Game seed: 6827614642498855982

1015 pokedragonboy the Destroyer (level 8, -6/41 HPs)
             Began as a Tengu Conjurer on Sept 25, 2021.
             Shot with an arrow by a centaur (8 damage)
             ... on level 5 of the Dungeon.
             The game lasted 00:14:37 (5196 turns).

pokedragonboy the Destroyer (Tengu Conjurer)        Turns: 5196, Time: 00:14:38

Health: -6/41      AC:  8    Str:  8    XL:     8   Next: 21%
Magic:  10/16      EV: 14    Int: 20    God:
Gold:   208        SH:  0    Dex: 13    Spells: 6/17 levels left

rFire   . . .      SeeInvis .   s - +3 whip
rCold   . . .      Faith    .   (no shield)
rNeg    . . .      Spirit   .   a - +0 robe
rPois   +          Reflect  .   (helmet restricted)
rElec   .          Harm     .   m - +0 cloak
rCorr   .          Rampage  .   o - +0 pair of gloves
Will    .....                   (boots unavailable)
Stlth   ++........              (no amulet)
HPRegen 0.13/turn               E - +4 ring of protection
MPRegen 0.15/turn               x - ring of poison resistance

@: flying quickly and evasively, quick
A: beak, talons 3, nimble flight
a: no special abilities


You were on level 5 of the Dungeon.
You visited 1 branch of the dungeon, and saw 5 of its levels.
You also visited: Sewer and Ossuary.

You collected 208 gold pieces.

Inventory:

Hand Weapons
 s - a +3 whip (weapon)
 y - a +0 short sword of freezing
Armour
 a - a +0 robe (worn)
 m - a +0 cloak (worn)
 o - a +0 pair of gloves (worn)
Jewellery
 u - a ring of positive energy
 x - a ring of poison resistance (right hand)
 E - a +4 ring of protection (left hand)
Wands
 c - a wand of iceblast (5)
 t - a wand of polymorph (9)
 v - a wand of acid (22)
 w - a wand of paralysis (6)
Scrolls
 d - 6 scrolls of teleportation
 f - a scroll of amnesia
 h - a scroll of enchant weapon {unknown}
 j - a scroll of vulnerability
 k - a scroll of fear {unknown}
 l - a scroll of enchant armour
 n - a scroll of acquirement {unknown}
 A - a scroll of immolation {unknown}
 B - a scroll of torment {unknown}
 F - a scroll of summoning {unknown}
Potions
 b - a potion of ambrosia {unknown}
 e - a potion of might {unknown}
 g - 3 potions of berserk rage {unknown}
 i - a potion of attraction {unknown}
 p - a potion of magic {unknown}
 q - 3 potions of curing
 r - 2 potions of lignification {unknown}
 z - 3 potions of heal wounds
 C - a potion of flight {unknown}
 D - a potion of resistance {unknown}


   Skills:
 - Level 2.1 Dodging
 - Level 2.0 Stealth
 + Level 5.2 Spellcasting
 * Level 11.2 Conjurations


You had 6 spell levels left.
You knew the following spells:

 Your Spells              Type           Power      Damage    Failure   Level
a - Magic Dart            Conj           100%       1d8       1%          1
b - Searing Ray           Conj           100%       2d8       1%          2
c - Fulminant Prism       Conj/Hex       13%        3d9       11%         4
d - Iskenderun's Mystic   Conj/Tloc      27%        2d7       11%         4

Your spell library contained the following spells:

 Spells                   Type           Power      Damage    Failure   Level
 Dazzling Flash           Conj/Hex       54%        N/A       3%          3
 Ensorcelled Hibernation  Hex/Ice        10%        N/A       17%         2
 Slow                     Hex            5%         N/A       17%         2
 Confusing Touch          Hex            5%         N/A       34%         3
 Tukima's Dance           Hex            5%         N/A       34%         3
 Starburst                Conj/Fire      13%        6d6       86%         6
 Yara's Violent Unravell  Hex/Tmut       2%         3d3       97%         5


Dungeon Overview and Level Annotations

Branches:
Dungeon (5/15)              Sewer (visited)         Ossuary (visited)
 Temple: D:4-7

Altars:
Gozag
Yredelemnul
Zin

Annotations:
D:3 3 runed translucent doors, Dittersdorf's ghost, amateur GrFi; Gmanzz2004's ghost, amateur HOFi; demibob's ghost, amateur DsFi; meatgazer's ghost, weakling DsAK


Innate Abilities, Weirdness & Mutations

You have a beak for a mouth.
You have claws for feet.
Your magical nature lets you fly swiftly and evasively.


Message History

There is a stone staircase leading down here.
You now have 208 gold pieces (gained 11).
There is a stone staircase leading up here.
A centaur comes into view.
The magic dart hits the centaur.
The centaur is moderately wounded.
The centaur shouts!
The centaur wields a +0 shortbow.
The centaur shoots an arrow.
The arrow closely misses you.
The centaur shoots an arrow.
The arrow hits you.
The magic dart hits the centaur.
The centaur is heavily wounded.
The centaur shoots an arrow.
The arrow hits you!
The magic dart hits the centaur.
The centaur is heavily wounded.
The centaur shoots an arrow.
The arrow hits you.
The centaur shoots an arrow.
The arrow hits you.
The magic dart hits the centaur but does no damage.
The centaur is heavily wounded.
The magic dart hits the centaur but does no damage.
The centaur is heavily wounded.
The centaur shoots an arrow.
The arrow barely misses you.
The centaur shoots an arrow.
The arrow misses you.
The centaur shoots an arrow.
The arrow hits you!
* * * LOW HITPOINT WARNING * * *
Casting: Magic Dart (safe; 1% risk of failure)
Confirm with . or Enter, or press ? or * to list all spells.
You can't see any susceptible monsters within range! (Use Z to cast anyway.)
The centaur shoots an arrow.
The arrow barely misses you.
Casting: Magic Dart (safe; 1% risk of failure)
Confirm with . or Enter, or press ? or * to list all spells.
Aiming: Searing Ray (safe; 1% risk of failure)
Press: ? - help, Shift-Dir - straight line, f/p - centaur
Aim: a centaur, wielding a +0 shortbow and quivering arrows (heavily wounded, 90% to hit)
The searing ray hits the centaur!
The centaur is almost dead. (Press . to maintain the ray.)
The centaur shoots an arrow.
The arrow hits you!
* * * LOW HITPOINT WARNING * * *
The centaur shoots an arrow.
The arrow hits you!
You die...

#.)..................
#...>.................#
#.....................#
#...................$.#
#.....(>..............#
#.....................#
####........<.........#
####..................##
.....<..........@...c...
......#.........##.###..
......#............([
......##......#........
......##......#.........
.....<........###.......
....>.........# #.....##
.. ..............#
#.#... .###.#
..............# #.#..#
....#


You could see a centaur.

Vanquished Creatures
  Sigmund (D:2)
  A sky beast (D:4)
  Blork the orc (D:5)
  2 bullfrogs (Sewer)
  3 water moccasin zombies (Ossuary)
  An orc priest (D:3)
  Jessica (D:2)
  An iguana (D:4)
  2 orc wizards (D:4)
  2 mummies (Ossuary)
  3 gnolls (D:3)
  9 adders
  5 adder zombies (Ossuary)
  2 worms
  A dart slug (D:3)
  16 orcs
  4 ball pythons
  8 bats
  8 endoplasms
  14 giant cockroaches
  4 gnoll zombies (Ossuary)
  4 goblins
  6 hobgoblins
  2 quokkas
  11 frilled lizards
  7 hobgoblin zombies (Ossuary)
  6 kobolds
  4 kobold zombies (Ossuary)
  6 orc zombies (Ossuary)
  6 rats
141 creatures vanquished.

Notes
Turn   | Place    | Note
-------+----------+-------------------------------------------
     0 | D:1      | pokedragonboy the Tengu Conjurer began the quest for the
                  | Orb.
     0 | D:1      | Reached XP level 1. HP: 10/10 MP: 4/4
   249 | D:1      | Reached XP level 2. HP: 15/15 MP: 1/6
   383 | D:1      | Learned a level 2 spell: Searing Ray
   618 | D:1      | Reached skill level 6 in Conjurations
   689 | D:1      | Reached XP level 3. HP: 19/19 MP: 2/7
  1175 | D:2      | Found a faded altar of an unknown god.
  1366 | D:2      | Reached XP level 4. HP: 24/24 MP: 5/9
  1501 | D:2      | Noticed Jessica
  1505 | D:2      | Killed Jessica
  1506 | D:2      | Reached skill level 7 in Conjurations
  1652 | D:2      | Noticed Sigmund
  1656 | D:2      | Killed Sigmund
  1657 | D:2      | Reached skill level 8 in Conjurations
  1657 | D:2      | Gained mutation: Your magical nature lets you fly swiftly
                  | and evasively. [Tengu growth]
  1657 | D:2      | Reached XP level 5. HP: 28/28 MP: 4/11
  1657 | D:2      | Reached XP level 6. HP: 32/32 MP: 4/12
  1771 | D:2      | Learned a level 4 spell: Fulminant Prism
  1776 | D:2      | Learned a level 4 spell: Iskenderun's Mystic Blast
  1893 | D:3      | Found a runed translucent gate.
  1894 | D:3      | Found a runed translucent gate.
  1895 | D:3      | Found a runed translucent gate.
  1896 | D:3      | Noticed meatgazer's ghost (weakling DsAK)
  1896 | D:3      | Noticed Dittersdorf's ghost (amateur GrFi)
  1896 | D:3      | Noticed demibob's ghost (amateur DsFi)
  1897 | D:3      | Noticed Dittersdorf's ghost (amateur GrFi)
  1897 | D:3      | Noticed Gmanzz2004's ghost (amateur HOFi)
  2459 | D:3      | Found a glowing silver altar of Zin.
  2459 | D:3      | Found an opulent altar of Gozag.
  3112 | D:4      | Reached skill level 9 in Conjurations
  3117 | D:4      | Noticed a sky beast
  3183 | D:4      | Killed a sky beast
  3184 | D:4      | Reached XP level 7. HP: 21/36 MP: 4/14
  3308 | D:4      | Found a basalt altar of Yredelemnul.
  4004 | D:5      | Entered Level 5 of the Dungeon
  4004 | D:5      | Noticed Blork the orc
  4018 | D:5      | Killed Blork the orc
  4030 | D:5      | Reached skill level 10 in Conjurations
  4030 | D:5      | Found a glowing drain.
  4039 | Sewer    | Entered a sewer
  4575 | D:5      | Found a sand-covered staircase.
  4585 | Ossuary  | Entered an ossuary
  4692 | Ossuary  | Reached XP level 8. HP: 40/41 MP: 4/16
  4786 | Ossuary  | Reached skill level 5 in Spellcasting
  4871 | Ossuary  | Reached skill level 11 in Conjurations
  5196 | D:5      | HP: 2/41 [centaur/arrow (11)]
  5196 | D:5      | Shot with an arrow by a centaur

Illustrated notes

Levels and vault maps discovered:
D:1:      onia_arrival_mini_maze_b, layout_basic, minmay_small_reverse_x
D:2:      layout_rooms, shapermc_ecumenical_altar_mp_vishouse,
          minmay_pentomino_s2, uniq_jessica, uniq_sigmund
D:3:      layout_loops_ring, grunt_temple_overflow_gold_and_silver,
          gammafunk_ghost_cemetery, serial_park_tiny_1
D:4:      layout_cave_pools, mainiacjoe_overflow_small_starburst
D:5:      layout_rooms, lightli_ossuary_entry_decrepit_ruins,
          portal_sewer_entry_d, minivault_11, uniq_edmund, uniq_blork_the_orc

Skill      XL: |  1  2  3  4  5  6  7  8 |
---------------+-------------------------+-----
Conjurations   | 6 8 9 10 11 | 11.2
Spellcasting   | 3 4 5 |  5.2
Dodging        | |  2.1
Stealth        | |  2.0

Action                   |  1- 3 |  4- 6 |  7- 9 || total
-------------------------+-------+-------+-------++-------
Melee: Dagger            |     1 |       |       ||     1
       Kick              |     1 |       |       ||     1
       Whip              |       |       |     1 ||     1
 Cast: Magic Dart        |    60 |    53 |    54 ||   167
       Searing Ray       |     1 |    12 |    29 ||    42
  Use: Scroll            |       |       |     4 ||     4
       Potion            |       |       |     1 ||     1
Armor: Robe              |     1 |     2 |     6 ||     9
Dodge: Dodged            |     5 |     6 |    42 ||    53

Table legend: (Time is in decaauts)
 A = Elapsed time spent in this place.
 B = Non-inter-level travel time spent in this place.
 C = Inter-level travel time spent in this place.
 D = Time resting spent in this place.
 E = Time spent auto-exploring this place.
 F = Levels seen in this place.
 G = Mean time per level.
                   A        B        C        D        E       F      G
               +--------+--------+--------+--------+--------+-----+--------+
         Total |   5016 |   4911 |    105 |   1068 |   2980 |   7 |  716.6 |
       Dungeon |   4030 |   3925 |    105 |    661 |   2625 |   5 |  806.0 |
         Sewer |    440 |    440 |      0 |     63 |    281 |   1 |  440.0 |
       Ossuary |    546 |    546 |      0 |    344 |     73 |   1 |  546.0 |
               +--------+--------+--------+--------+--------+-----+--------+

Top non-repeatable levels by time:
     D:1: 1134 daAuts
     D:3: 1065 daAuts
     D:4: 962 daAuts
     D:2: 700 daAuts
 Ossuary: 546 daAuts
   Sewer: 440 daAuts
     D:5: 166 daAuts
